 Dungeon Crawl Stone Soup version 0.28.0 (webtiles) character file.

Game seed: 2329930420786981838

29 Morbidden the Conjurer (level 3, 25/25 HPs)
             Began as a Demonspawn Conjurer on Feb 15, 2022.
             Quit the game on level 1 of the Dungeon.
             The game lasted 00:00:45 (777 turns).

Morbidden the Conjurer (Demonspawn Conjurer)         Turns: 777, Time: 00:00:46

Health: 25/25      AC:  4    Str:  7    XL:     3   Next: 1%
Magic:  1/6        EV: 12    Int: 21    God:
Gold:   28         SH:  0    Dex: 11    Spells: 5/6 levels left

rFire   . . .      SeeInvis .   e - +1 spear (venom)
rCold   . . .      Faith    .   (no shield)
rNeg    . . .      Spirit   .   a - +0 robe
rPois   .          Reflect  .   (helmet restricted)
rElec   .          Harm     .   c - +1 cloak {rCorr}
rCorr   +          Rampage  .   (no gloves)
Will    .....                   (no boots)
Stlth   ++........              (no amulet)
HPRegen 0.08/turn               (no ring)
MPRegen 0.10/turn               (no ring)

@: no status effects
A: antennae 1, hooves 1
a: no special abilities


You were on level 1 of the Dungeon.
You visited 1 branch of the dungeon, and saw 1 of its levels.

You collected 28 gold pieces.

Inventory:

Hand Weapons
 e - a +1 spear of venom (weapon)
Armour
 a - a +0 robe (worn)
 c - a +1 cloak of preservation (worn)
Scrolls
 d - a scroll of identify {unknown}
Potions
 b - a potion of curing {unknown}
 f - a potion of attraction {unknown}
 g - a potion of degeneration {unknown}


   Skills:
 * Level 0.8 Fighting
 + Level 1.8 Dodging
 + Level 1.9 Stealth
 * Level 2.2 Spellcasting
 * Level 4.6 Conjurations


You had 5 spell levels left.
You knew the following spells:

 Your Spells              Type           Power      Damage    Failure   Level
a - Magic Dart            Conj           84%        1d7       2%          1

Your spell library contained the following spells:

 Spells                   Type           Power      Damage    Failure   Level
 Searing Ray              Conj           42%        2d6       3%          2
 Dazzling Flash           Conj/Hex       24%        N/A       17%         3
 Blink                    Tloc           4%         N/A       22%         2
 Fulminant Prism          Conj/Hex       6%         3d7       50%         4
 Iskenderun's Mystic Bla  Conj/Tloc      12%        2d5       50%         4
 Manifold Assault         Tloc           2%         N/A       99%         5
 Storm Form               Tmut/Air       1%         N/A       100%        7


Dungeon Overview and Level Annotations

Branches:
Dungeon (1/15)

Altars:


Innate Abilities, Weirdness & Mutations

You have a pair of small antennae on your head.
You have large cloven feet.


Message History

Found a ring mail.
Found a stone staircase leading down.
There are monsters nearby!
Casting: Magic Dart (safe; 2% risk of failure)
Confirm with . or Enter, or press ? or * to list all spells.
Aiming: Magic Dart (safe; 2% risk of failure)
Press: ? - help, Shift-Dir - straight line, f - hobgoblin
Aim: a hobgoblin (100% to hit)
The magic dart hits the hobgoblin.
The hobgoblin is heavily wounded.
There are monsters nearby!
Casting: Magic Dart (safe; 2% risk of failure)
Confirm with . or Enter, or press ? or * to list all spells.
Aiming: Magic Dart (safe; 2% risk of failure)
Press: ? - help, Shift-Dir - straight line, f/p - hobgoblin
Aim: a hobgoblin (heavily wounded, 100% to hit)
The magic dart hits the hobgoblin.
You kill the hobgoblin!
A kobold is nearby!
Casting: Magic Dart (safe; 2% risk of failure)
Confirm with . or Enter, or press ? or * to list all spells.
Aiming: Magic Dart (safe; 2% risk of failure)
Press: ? - help, Shift-Dir - straight line, f - kobold
Aim: a kobold, wielding a +0 club and quivering stones (asleep, 100% to hit)
The magic dart hits the kobold.
The kobold is heavily wounded.
The kobold shouts!
You hear an angry hiss.
A kobold is nearby!
Casting: Magic Dart (safe; 2% risk of failure)
Confirm with . or Enter, or press ? or * to list all spells.
Aiming: Magic Dart (safe; 2% risk of failure)
Press: ? - help, Shift-Dir - straight line, f/p - kobold
Aim: a kobold, wielding a +0 club and quivering stones (heavily wounded, 100% to hit)
The magic dart hits the kobold.
You kill the kobold!
You have reached level 3!
Your experience leads to an increase in your attributes!
Increase (S)trength, (I)ntelligence, or (D)exterity?
You feel clever. x2; Your demonic ancestry asserts itself...
A pair of antennae grows on your head!
Are you sure you want to abandon this character and quit the game? (Confirm with "yes".)

... .[.. ....#
..... #....
#######
#..†.###.....#
#..)>'.#.....#
#@#.....#
#.......#
##......# ##
#......# ###.
#......# #..
#.###.#########.
####.#
#...............
.....#
#.####.###......
+##..#######
#..# .....


There were no monsters in sight!

Vanquished Creatures
  A gnoll (D:1)
  A dart slug (D:1)
  3 endoplasms (D:1)
  3 goblins (D:1)
  2 hobgoblins (D:1)
  2 kobolds (D:1)
  A ball python (D:1)
  3 rats (D:1)
16 creatures vanquished.

Notes
Turn   | Place    | Note
-------+----------+-------------------------------------------
     0 | D:1      | Morbidden the Demonspawn Conjurer began the quest for the
                  | Orb.
     0 | D:1      | Reached XP level 1. HP: 13/13 MP: 3/3
   407 | D:1      | Discovered your monstrous ancestry.
   407 | D:1      | Gained mutation: You have large cloven feet. [demonic
                  | ancestry]
   407 | D:1      | Reached XP level 2. HP: 20/20 MP: 1/5
   777 | D:1      | Gained mutation: You have a pair of small antennae on your
                  | head. [demonic ancestry]
   777 | D:1      | Reached XP level 3. HP: 25/25 MP: 1/6
   777 | D:1      | Quit the game

Illustrated notes

Levels and vault maps discovered:
D:1:      sevenhm_arrival_forest_fort_large_4, layout_basic

Action                   || total
-------------------------++-------
 Cast: Magic Dart        ||    35
Armor: Robe              ||     1
Dodge: Dodged            ||     3
